 Dungeon Crawl Stone Soup version 0.28-a0-1415-g7c84da036a (webtiles) character file.

Game seed: 2633657017622538511

42 lonewolfV2 the Skirmisher (level 3, 0/29 HPs)
             Began as a Demonspawn Berserker on Jan 7, 2022.
             Was a Follower of Trog.
             Slain by a worm (9 damage)
             ... on level 2 of the Dungeon.
             The game lasted 00:03:24 (1062 turns).

lonewolfV2 the Skirmisher (Demonspawn Berserker)    Turns: 1062, Time: 00:03:25

Health: 0/29       AC:  2    Str: 16 (19) XL:     3   Next: 33%
Magic:  3/3        EV:  7    Int:  5 (8)  God:    Trog [*.....]
Gold:   43         SH: 10    Dex: 11 (12) Spells: 2/2 levels left

rFire   . . .      SeeInvis .   a - +0 hand axe
rCold   . . .      Faith    .   g - +0 tower shield
rNeg    . . .      Spirit   .   b - +0 animal skin
rPois   .          Reflect  .   (no helmet)
rElec   .          Harm     .   (no cloak)
rCorr   .          Rampage  .   (no gloves)
Will    .....                   (no boots)
Stlth   +.........              (no amulet)
HPRegen 0.09/turn               (no ring)
MPRegen 0.08/turn               (no ring)

@: no status effects
A: hooves 1, powered by death 1
a: Renounce Religion, Berserk


You were on level 2 of the Dungeon.
You worshipped Trog.
Trog was aware of your devotion.
You visited 1 branch of the dungeon, and saw 2 of its levels.

You collected 43 gold pieces.

Inventory:

Hand Weapons
 a - a +0 hand axe (weapon)
Armour
 b - a +0 animal skin (worn)
 g - a +0 tower shield (worn)
Potions
 c - a potion of attraction {unknown}


   Skills:
 + Level 3.6 Fighting
 + Level 3.3 Axes
 + Level 1.9 Armour
 + Level 2.0 Dodging
 + Level 0.2 Shields


You had 2 spell levels left.
You didn't know any spells.
Your spell library was empty.

Dungeon Overview and Level Annotations

Branches:
Dungeon (2/15)

Altars:


Innate Abilities, Weirdness & Mutations

You have large cloven feet.
You regenerate a little health from kills.


Message History

The jackal bites you but does no damage.
The dart slug bites you.
You hit the worm.
The worm is moderately wounded.
You hit the jackal.
You kill the jackal!
Trog accepts your kill.
You hit the dart slug. You closely miss the jackal.
You hit the giant cockroach.
You kill the giant cockroach!
Trog accepts your kill.
You block the jackal's attack. x2; You block the worm's attack.
The dart slug bites you but does no damage.
You slash the worm!
The worm is severely wounded.
You hit the dart slug.
You kill the dart slug!
Trog accepts your kill.
You closely miss the jackal. The jackal bites you.
The jackal barely misses you. The worm bites you. The jackal bites you.
You hit the worm. Your kick misses the worm.
The worm is severely wounded.
You barely miss the jackal. The jackal bites you. The worm bites you!
The jackal bites you.
You hit the worm but do no damage.
The worm is severely wounded.
You closely miss the jackal. You block the jackal's attack.
The jackal bites you.
* * * LOW HITPOINT WARNING * * *
The worm closely misses you.
You hit the worm but do no damage. You kick the worm.
The worm is severely wounded.
You hit the jackal.
You kill the jackal!
Trog accepts your kill. The worm bites you.
You hit the worm.
The worm is severely wounded.
The worm bites you!
You die...

#..≈≈≈≈≈≈≈# ###
#≈≈≈≈≈≈≈≈≈≈≈ #
#≈≈≈≈≈≈≈≈≈##
+.##+###≈≈≈≈≈#####
#...........≈.#
#.....(..≈≈.≈.#
#.......≈≈.≈..#
.......††.≈≈≈.#
.......@†≈≈≈≈≈#
.?...##w†≈≈≈≈..#
..... ##.≈≈≈≈..#
.... #.≈≈≈≈≈.#
.... ..≈≈≈≈... ###
..≈≈.≈# #≈≈≈.≈.
≈≈≈≈≈#


You could see a worm.

Vanquished Creatures
  An adder (D:2)
  2 dart slugs (D:2)
  2 ball pythons (D:1)
  3 bats (D:1)
  2 endoplasms (D:1)
  A giant cockroach (D:2)
  3 goblins (D:1)
  4 jackals (D:2)
  A quokka (D:1)
  2 frilled lizards (D:1)
  3 kobolds (D:1)
  2 rats (D:1)
26 creatures vanquished.

Notes
Turn   | Place    | Note
-------+----------+-------------------------------------------
     0 | D:1      | lonewolfV2 the Demonspawn Berserker began the quest for the
                  | Orb.
     0 | D:1      | Reached XP level 1. HP: 18/18 MP: 1/1
   194 | D:1      | Gained mutation: You have large cloven feet. [demonic
                  | ancestry]
   194 | D:1      | Reached XP level 2. HP: 21/24 MP: 2/2
   923 | D:2      | Gained mutation: You regenerate a little health from kills.
                  | [demonic ancestry]
   923 | D:2      | Reached XP level 3. HP: 23/29 MP: 3/3
  1062 | D:2      | Slain by a worm

Illustrated notes

Levels and vault maps discovered:
D:1:      amcnicky_arrival_double_pillar, layout_basic
D:2:      layout_basic, kennysheep_minor_cross, minmay_misc_feat_four_crosses,
          chequers_serial_rivers_large_a, uniq_jessica, uniq_terence

Skill      XL: |  1  2 |
---------------+-------+-----
Axes           | 3 |  3.3
Dodging        | 2 |  2.0
Fighting       | |  3.6
Armour         | |  1.9
Shields        | |  0.2

Action                   || total
-------------------------++-------
Melee: Hand axe          ||    57
       Kick              ||    10
  Use: Scroll            ||     2
       Potion            ||     2
Armor: Animal skin       ||    25
Dodge: Dodged            ||    90
Block: Tower shield      ||    29

Table legend: (Time is in decaauts)
 A = Elapsed time spent in this place.
 B = Non-inter-level travel time spent in this place.
 C = Inter-level travel time spent in this place.
 D = Time resting spent in this place.
 E = Time spent auto-exploring this place.
 F = Levels seen in this place.
 G = Mean time per level.
                   A        B        C        D        E       F      G
               +--------+--------+--------+--------+--------+-----+--------+
         Total |   1078 |   1022 |     56 |      0 |    727 |   2 |  539.0 |
       Dungeon |   1078 |   1022 |     56 |      0 |    727 |   2 |  539.0 |
               +--------+--------+--------+--------+--------+-----+--------+

Top non-repeatable levels by time:
     D:1: 916 daAuts
     D:2: 161 daAuts
